General information
- name: BNet
- type: Ladder 1vs1/FFA
- host: Battle.net
- saver: 7.13
map: TwistedMeadows
- players: 2
- length: 38:48
- speed: Fast
- version: 1.24 W3XP
- replay type: Public
» download(140 KB)
Players
team 1 (winner)
7.13 (
red | 71 APM | 2769 actions | 38:48)
5 Archmage
2 Blizzard
3 Brilliance Aura
4 Blood Mage
2 Flame Strike
2 Siphon Mana
2 Goblin Alchemist
1 Acid Bomb
1 Healing Spray
» actions
| Assign group hotkey | 63 | |
| Basic commands | 165 | |
| Build / train | 130 | |
| ESC pressed | 1 | |
| Enter build submenu | 37 | |
| Enter hero's abilities submenu | 11 | |
| Give item / drop item | 1 | |
| Right click | 1292 | |
| Select / deselect | 609 | |
| Select group hotkey | 198 | |
| Use ability | 262 | |
2769 total
» units
| Peasant | 19 | |
| Sorceress | 3 | |
| Mortar Team | 6 | |
| Flying Machine | 5 | |
| Goblin Shredder | 1 | |
| Goblin Zeppelin | 1 | |
| Dragonhawk Rider | 2 | |
| Gryphon Rider | 1 | |
| Spell Breaker | 3 | |
| Knight | 1 | |
42 total
» upgrades
| Masonry | 3 | |
| Sorceress Training | 2 | |
| Magic Sentry | 1 | |
| Gunpowder | 2 | |
| Fragmentation Shards | 1 | |
| Flak Cannons | 1 | |
| Flare | 1 | |
| Storm Hammers | 1 | |
| Cloud | 1 | |
| Lumber Harvesting | 2 | |
| Control Magic | 1 | |
| Swords | 2 | |
| Armor | 2 | |
| Animal War Training | 1 | |
21 total
» buildings
| Altar of Kings | 1 | |
| Farm | 20 | |
| Arcane Vault | 1 | |
| Lumber Mill | 1 | |
| Scout Tower | 23 | |
| Arcane Tower | 3 | |
| Keep | 1 | |
| Guard Tower | 11 | |
| Blacksmith | 1 | |
| Arcane Sanctum | 1 | |
| Workshop | 2 | |
| Town Hall | 2 | |
| Castle | 1 | |
| Gryphon Aviary | 3 | |
| Barracks | 1 | |
72 total
» build order
00:06 Altar of Kings
00:27 Farm
00:28 Farm
00:43 Arcane Vault
01:19 Lumber Mill
01:30 Scout Tower
01:36 Farm
02:12 Arcane Tower
03:30 Scout Tower
03:31 Scout Tower
03:32 Scout Tower
03:32 Scout Tower
03:33 Scout Tower
04:22 Scout Tower
04:36 Keep
05:25 Guard Tower
05:27 Farm
06:16 Farm
06:21 Scout Tower
06:31 Blacksmith
07:16 Guard Tower
07:30 Arcane Sanctum
07:55 Farm
08:58 Workshop
09:01 Workshop
09:42 Town Hall
09:46 Scout Tower
09:47 Scout Tower
09:48 Scout Tower
09:49 Scout Tower
09:49 Scout Tower
09:50 Scout Tower
10:16 Guard Tower
10:16 Guard Tower
10:21 Guard Tower
10:22 Guard Tower
10:25 Guard Tower
10:56 Arcane Tower
10:57 Guard Tower
13:14 Farm
13:15 Farm
13:55 Castle
15:20 Gryphon Aviary
15:21 Gryphon Aviary
15:23 Gryphon Aviary
17:07 Farm
17:07 Farm
17:08 Farm
17:08 Farm
17:09 Farm
18:02 Farm
22:38 Farm
24:16 Scout Tower
24:19 Farm
24:20 Farm
24:21 Farm
24:22 Farm
24:47 Arcane Tower
32:11 Barracks
33:11 Farm
36:14 Town Hall
36:19 Scout Tower
36:20 Scout Tower
36:21 Scout Tower
36:22 Scout Tower
36:23 Scout Tower
36:23 Scout Tower
36:24 Scout Tower
36:25 Scout Tower
36:50 Guard Tower
36:51 Guard Tower
38:36 Guard Tower
» items
| Mechanical Critter | 2 | |
| Lesser Clarity Potion | 4 | |
| Scroll of Regeneration | 9 | |
| Scroll of Town Portal | 5 | |
| Potion of Healing | 5 | |
| Potion of Mana | 1 | |
| Staff of Sanctuary | 2 | |
| Orb of Fire | 1 | |
| Boots of Speed | 2 | |
| Periapt of Vitality | 2 | |
| Staff of Teleportation | 2 | |
| Scroll of Healing | 1 | |
| Potion of Lesser Invulnerability | 1 | |
37 total
team 2 (loser)
YouDontHaveTime (
blue | 109 APM | 4213 actions | 38:41)
5 Demon Hunter
2 Mana Burn
3 Evasion
3 Pandaren Brewmaster
2 Breath of Fire
1 Drunken Haze
» actions
| Assign group hotkey | 64 | |
| Basic commands | 264 | |
| Build / train | 97 | |
| Enter build submenu | 20 | |
| Enter hero's abilities submenu | 8 | |
| Give item / drop item | 9 | |
| Remove unit from queue | 7 | |
| Right click | 2445 | |
| Select / deselect | 496 | |
| Select group hotkey | 662 | |
| Use ability | 141 | |
4213 total
» units
| Wisp | 33 | |
| Archer | 3 | |
| Dryad | 13 | |
| Druid of the Claw | 7 | |
| Glaive Thrower | 3 | |
59 total
» upgrades
| Abolish Magic | 1 | |
| Druid of the Claw Training | 2 | |
3 total
» buildings
| Altar of Elders | 1 | |
| Moon Well | 7 | |
| Ancient of War | 1 | |
| Tree of Ages | 2 | |
| Hunter's Hall | 1 | |
| Ancient of Wonders | 2 | |
| Ancient of Lore | 2 | |
| Tree of Eternity | 1 | |
| Tree of Life | 3 | |
| Ancient Protector | 1 | |
21 total
» build order
00:06 Altar of Elders
00:11 Moon Well
00:36 Ancient of War
01:44 Moon Well
02:53 Moon Well
03:53 Tree of Ages
04:14 Hunter's Hall
04:24 Ancient of Wonders
05:00 Moon Well
06:15 Moon Well
06:28 Ancient of Lore
06:32 Ancient of Lore
07:31 Tree of Eternity
09:15 Tree of Eternity
10:01 Moon Well
11:21 Moon Well
14:05 Tree of Life
16:21 Ancient Protector
18:21 Tree of Life
19:46 Ancient of Wonders
20:37 Tree of Ages
27:53 Tree of Life
» items
| Boots of Speed | 1 | |
| Potion of Lesser Invulnerability | 1 | |
| Orb of Venom | 1 | |
| Scroll of Town Portal | 1 | |
| Potion of Healing | 3 | |
| Staff of Preservation | 1 | |
| Dust of Appearance | 1 | |
| Moonstone | 1 | |
10 total
Chat log
(11:28 / All) YouDontHaveTime: wow..
(18:29 / All) YouDontHaveTime: wow...
(38:20 / All) YouDontHaveTime: gg
(38:22 / All) 7.13: lol
(38:24 / All) 7.13: dont have time?
(38:30 / All) YouDontHaveTime: ya
(38:32 / All) 7.13: lmao
(38:38 / All) YouDontHaveTime: my lil bro was playing lol
(38:40 / All) 7.13: sure